 Dungeon Crawl Stone Soup version 0.17-a0-1882-g750edc8 (webtiles) character file.

539 barthelm the Skirmisher (level 7, -1/66 HPs)
             Began as a Gargoyle Berserker on Sept 21, 2015.
             Was an Elder of Trog.
             Killed by divine providence
             ... invoked by an orc priest
              (8 damage)
             ... on level 4 of the Dungeon on Sept 22, 2015.
             The game lasted 00:11:56 (3380 turns).

barthelm the Skirmisher (Gargoyle Berserker)        Turns: 3380, Time: 00:11:58

Health: -1/66      AC:  8    Str: 28    XL:     7   Next: 26%
Magic:  7/7        EV: 13    Int:  7    God:    Trog [****..]
Gold:   140        SH:  0    Dex:  9    Spells: 0 memorised, 6 levels left

rFire  . . .     SeeInvis .     a - +0 mace
rCold  . . .     Clarity  .     b - +0 animal skin
rNeg   + . .     SustAt   .     (no shield)
rPois  ∞         Gourm    .     (no helmet)
rElec  +         Spirit   .     o - +0 cloak
rCorr  .         Warding  .     (no gloves)
rMut   .         Stasis   .     (no boots)
MR     .....                    (no amulet)
Stlth  ..........               (no ring)
                                (no ring)

@: berserking, very quick, not resistant to hostile enchantments, extremely
unstealthy
A: negative energy resistance 1, electricity resistance, unbreathing,
petrification resistance, rot immunity, AC +4
a: Burn Spellbooks, Berserk, Trog's Hand, Brothers in Arms, Renounce Religion


You were on level 4 of the Dungeon.
You worshipped Trog.
Trog was greatly pleased with you.
You were not hungry.

You visited 1 branch of the dungeon, and saw 4 of its levels.

You collected 140 gold pieces.

Inventory:

Hand weapons
 a - a +0 mace (weapon)
Missiles
 d - 189 stones (quivered)
Armour
 b - a +0 animal skin (worn)
 o - a +0 cloak (worn)
Jewellery
 y - an uncursed amulet of faith {unknown}
Magical devices
 G - a wand of slowing (21)
Scrolls
 e - 2 scrolls of immolation
 f - a scroll of amnesia {unknown}
 g - 4 scrolls of identify
 h - 2 scrolls of magic mapping {unknown}
 l - 2 scrolls of remove curse {unknown}
 m - a scroll of teleportation {unknown}
 p - a scroll of fog {unknown}
 r - a scroll of recharging {unknown}
 s - a scroll of enchant weapon {unknown}
 t - a scroll of random uselessness {unknown}
 C - a scroll of blinking {unknown}
Potions
 i - a potion of degeneration {unknown}
 j - a potion of experience {unknown}
 k - a potion of beneficial mutation {unknown}
 n - a potion of resistance {unknown}
 q - a potion of might {unknown}
 v - a potion of heal wounds {unknown}
 w - 2 potions of flight {unknown}
 x - a potion of poison {unknown}
 D - a potion of magic {unknown}
 F - a potion of berserk rage {unknown}
 H - a potion of ambrosia {unknown}
Comestibles
 c - 2 bread rations
 u - a slice of pizza
 z - a beef jerky
 A - 3 meat rations
 B - 4 fruits
 I - a royal jelly


   Skills:
 + Level 5.0 Fighting
 + Level 4.3 Maces & Flails
 + Level 0.4 Throwing
 * Level 3.8 Armour
 + Level 4.3 Dodging


You had 6 spell levels left.
You didn't know any spells.

Dungeon Overview and Level Annotations

Branches:
Dungeon (4/15)
 Temple: D:4-7

Altars:
Fedhas
Makhleb
Okawaru
Ru
Sif Muna
Trog
Xom
Zin


Innate Abilities, Weirdness & Mutations

You are resistant to torment.
Your stone body is resilient (AC +4).
You are immune to poison.
You resist negative energy.
You are resistant to electric shocks.
You can survive without breathing.
You are immune to petrification.
You are immune to rotting.


Message History

You are too injured to fight recklessly!
You are too injured to fight recklessly!
You are too injured to fight recklessly!
You are too injured to fight recklessly!
You are too injured to fight recklessly!
You sock the orc!
You kill the orc!
Trog accepts your kill.
An orc comes into view. It is wielding a trident.
You sock the orc!
The orc is almost dead.
The orc closely misses you.
You hit the orc.
You kill the orc!
Trog accepts your kill.
You can now call in reinforcements.
The orc priest invokes the aid of Beogh against you.
You struggle to resist.
The orc moves out of view.
The orc priest mumbles some strange prayers to Beogh against you.
Something smites you!
You die...

#.# #... #.#
#... #.# #...o
#.#
#....###.#######
#...o#.†........
#...o...........
#....)S.........
#.....@.........
###+##..[.......
#.####<#######
#......#
########


You could see 2 orc priests, an orc wizard and a ball python.

Vanquished Creatures
  An ogre (D:4)
  4 crimson imps (D:3)
  3 hounds (D:4)
  4 worker ants (D:4)
  7 adders
  An ooze (D:1)
  3 worms
  3 giant geckos
  2 orcs (D:4)
  11 bats
  7 giant cockroaches
  11 goblins
  7 hobgoblins
  2 ball pythons (D:2)
  3 giant newts
  9 kobolds
  A quokka (D:3)
  15 rats
94 creatures vanquished.

Vanquished Creatures (others)
  A minotaur (D:1)
  A draconian (D:1)
  2 gargoyles (D:1)
  An elf (D:1)
  2 formicids (D:1)
  A vampire (D:1)
  A naga (D:1)
  A dwarf (D:1)
  A centaur (D:1)
  A mummy (D:1)
  An orc (D:1)
  2 kobolds (D:1)
  6 tentacles (D:1)
  80 tentacle segments (D:1)
101 creatures vanquished.

Grand Total: 195 creatures vanquished

Notes
Turn   | Place    | Note
--------------------------------------------------------------
     0 | D:1      | barthelm the Gargoyle Berserker began the quest for the Orb.
     0 | D:1      | Reached XP level 1. HP: 14/14 MP: 1/1
     3 | D:1      | Killed a naga
     4 | D:1      | Noticed an elf
     4 | D:1      | Noticed a minotaur
     4 | D:1      | Noticed a gargoyle
     4 | D:1      | Noticed a vampire
     4 | D:1      | Noticed a kraken
     4 | D:1      | Noticed a formicid
     4 | D:1      | Noticed a formicid
     4 | D:1      | Noticed a dwarf
     4 | D:1      | Noticed a centaur
     4 | D:1      | Noticed a draconian
     4 | D:1      | Noticed a gargoyle
     4 | D:1      | Killed a vampire
     5 | D:1      | Killed an elf
     8 | D:1      | Killed a minotaur
     8 | D:1      | Killed a formicid
     9 | D:1      | Killed a gargoyle
    10 | D:1      | Killed a formicid
    11 | D:1      | Killed a gargoyle
    13 | D:1      | Killed a centaur
    14 | D:1      | Killed a draconian
    15 | D:1      | Killed a dwarf
    53 | D:1      | Reached XP level 2. HP: 2/19 MP: 2/2
   430 | D:1      | Reached XP level 3. HP: 21/24 MP: 3/3
   451 | D:1      | Acquired Trog's second power
   847 | D:2      | Found a faded altar to an unknown god.
   850 | D:2      | Reached skill level 4 in Fighting
   968 | D:2      | Found an iron altar of Okawaru.
   997 | D:2      | Reached XP level 4. HP: 26/29 MP: 4/4
  1078 | D:2      | Found a burning altar of Makhleb.
  1082 | D:2      | Found a glowing silver altar of Zin.
  1082 | D:2      | Noticed an angel
  1083 | D:2      | Noticed a green death
  1430 | D:2      | Noticed a moth of wrath
  1432 | D:2      | Found a bloodstained altar of Trog.
  1944 | D:3      | Found a blossoming altar of Fedhas.
  2098 | D:3      | Found a shimmering altar of Xom.
  2138 | D:3      | Reached XP level 5. HP: 24/34 MP: 5/5
  2372 | D:3      | Reached XP level 6. HP: 36/39 MP: 6/6
  2683 | D:3      | Found a sacrificial altar of Ru.
  2886 | D:4      | Found a deep blue altar of Sif Muna.
  2984 | D:4      | Upgraded the game from 0.17-a0-1880-gacf7e67 to 0.17-a0-1882-g750edc8
  3233 | D:4      | Reached XP level 7. HP: 33/44 MP: 7/7
  3344 | D:4      | Reached skill level 5 in Fighting
  3380 | D:4      | Acquired Trog's third power
  3380 | D:4      | Killed from afar by an orc priest

Vault maps used:
D:1:      nicolae_arrival_kraken_aquarium_b, st_stairs_6
D:2:      grunt_temple_overflow_order_and_chaos_2, cheibriados_altar_wand_db,
          okawaru_trees_1, ecumenical_altar_1, minmay_misc_feat_square, tgw_trog
D:3:      nicolae_ru_the_path_less_chosen, led_xom_imps, fedhas_altar_4
D:4:      tgw_sif

Action                   |  1- 3 |  4- 6 |  7- 9 || total
-------------------------+-------+-------+-------++-------
Melee: Mace              |    99 |   203 |    46 ||   348
Throw: Stone             |       |     6 |       ||     6
Invok: Berserk           |     1 |       |     1 ||     2
  Use: Scroll            |       |     3 |       ||     3
  Eat: Chunk             |     1 |     7 |     1 ||     9
       Fruit             |       |     1 |       ||     1
